 Dungeon Crawl Stone Soup version 0.23-a0-435-g79ed067 (webtiles) character file.

674404 nikopol the Axe Maniac (level 27, -1/269 (273) HPs)
             Began as a Minotaur Berserker on Nov 9, 2018.
             Was the Champion of Trog.
             Killed by the power of Zot (33 damage)
             ... on level 2 of the Tomb of the Ancients on Nov 15, 2018.
             The game lasted 04:43:23 (78253 turns).

nikopol the Axe Maniac (Minotaur Berserker)        Turns: 78253, Time: 04:43:24

HP:   -1/269 (273)  AC: 35    Str: 33 (37) XL:     27
MP:   0/22          EV: 22    Int: -1 (4)  God:    Trog [******]
Gold: 6367          SH:  0    Dex: 21 (25) Spells: 26/26 levels left

rFire    . . .     SeeInvis .   a - +6 executioner's axe (venom)
rCold    x . .     Gourm    .   (shield currently unavailable)
rNeg     + + +     Faith    .   Q - +1 plate armour of Negation {*Contam Regen+ rCorr Str+6}
rPois    +         Spirit   +   M - +2 hat of the Bear Spirit {Spirit, +Rage rN+ MR++}
rElec    +         Reflect  .   Y - +2 cloak {rPois}
rCorr    +         Harm     .   y - +2 pair of gloves {Dex+3}
MR       +++++                  G - +2 pair of boots {run}
Stlth    +.........             I - amulet of Koixysmi {Spirit rN+ Dex+5}
HPRegen  0.94/turn              e - ring "Suaseajeq" {+Fly rPois rC- MR++ Stlth+}
MPRegen  0.18/turn              C - ring of Adaoshreu {+Inv rElec rN+ Str+5 Stlth+}

@: slowed, lost intelligence, very slow
A: retaliatory headbutt, horns 2, blurry vision 2, clumsy 1, deterioration 1, no
potion heal 1
}: 4/15 runes: decaying, slimy, silver, gossamer
a: Berserk, Trog's Hand, Brothers in Arms, Renounce Religion, Evoke Berserk
Rage, Evoke Invisibility, Evoke Flight


You were on level 2 of the Tomb of the Ancients.
You worshipped Trog.
Trog was exalted by your worship.
You were not hungry.

You visited 11 branches of the dungeon, and saw 54 of its levels.
You visited the Abyss 1 time.
You also visited: Labyrinth, Ice Cave, Volcano and Desolation.

You collected 8239 gold pieces.
You spent 1872 gold pieces at shops.

Inventory:

Hand Weapons
 a - a +6 executioner's axe of venom (weapon)
 j - a +3 antimagic executioner's axe
 z - the +9 longbow of Righteous Fury {flame, rN+}
   (You found it on level 1 of the Depths)

   It causes projectiles fired from it to burn those they strike, causing extra
   injury to most foes and up to half again as much damage against particularly
   susceptible opponents.
   It protects you from negative energy.
 E - a +6 longbow of velocity
Missiles
 n - 934 arrows
Armour
 y - a +2 pair of gloves of dexterity (worn)
 G - a +2 pair of boots of running (worn)
 M - the +2 hat of the Bear Spirit (worn) {Spirit, +Rage rN+ MR++}
   (You acquired it on level 1 of the Elven Halls)

   It protects you from negative energy.
   It affects your resistance to hostile enchantments.
   It lets you go berserk.
 Q - the +1 plate armour of Negation (worn) {*Contam Regen+ rCorr Str+6}
   (You found it on level 4 of the Depths)

   It affects your strength (+6).
   It causes magical contamination when unequipped.
   It increases your rate of regeneration.
   It provides partial protection from all sources of acid and corrosion.
 Y - a +2 cloak of poison resistance (worn)
Jewellery
 b - the ring of Zeocud {rPois rN+ Int-4 SInv}
   (You took it off a spriggan defender on level 2 of the Depths)

   [ring of positive energy]

   It affects your intelligence (-4).
   It protects you from poison.
   It protects you from negative energy.
   It lets you see invisible.
 e - the ring "Suaseajeq" (left hand) {+Fly rPois rC- MR++ Stlth+}
   (You took it off a servant of whispers in the Desolation of Salt)

   [ring of stealth]

   It makes you vulnerable to cold.
   It protects you from poison.
   It affects your resistance to hostile enchantments.
   It lets you fly.
   It makes you more stealthy.
 C - the ring of Adaoshreu (right hand) {+Inv rElec rN+ Str+5 Stlth+}
   (You found it on level 4 of the Depths)

   [ring of strength]

   It affects your strength (+5).
   It insulates you from electricity.
   It protects you from negative energy.
   It lets you turn invisible.
   It makes you more stealthy.
 I - the amulet of Koixysmi (around neck) {Spirit rN+ Dex+5}
   (You took it off a spriggan defender on level 2 of the Depths)

   [amulet of guardian spirit]

   It causes incoming damage to be split between your health and magic.
   It affects your dexterity (+5).
   It protects you from negative energy.
 P - the ring "Faixt" {rC+ rN+ Int+3 Dex+3}
   (You found it on level 2 of the Depths)

   [ring of protection from cold]

   It affects your intelligence (+3).
   It affects your dexterity (+3).
   It protects you from cold.
   It protects you from negative energy.
 U - the ring of Polytheism {*Corrode rElec rF+ rC+ Slay+3}
   (You found it in the Desolation of Salt)

   [ring of protection from cold]

   It affects your accuracy and damage with ranged weapons and melee attacks
   (+3).
   It protects you from fire.
   It protects you from cold.
   It insulates you from electricity.
   It may corrode you when you take damage.
Wands
 l - a wand of disintegration (24)
 t - a wand of clouds (9)
 v - a wand of scattershot (11)
 F - a wand of paralysis (7)
 H - a wand of acid (36)
 J - a wand of iceblast (37)
 R - a wand of flame (67)
 W - a wand of polymorph (20)
 X - a wand of digging (4)
Scrolls
 d - 25 scrolls of teleportation
 f - 8 scrolls of magic mapping
 g - 20 scrolls of remove curse
 i - 3 scrolls of blinking
 o - a scroll of brand weapon
 r - 16 scrolls of identify
 u - 8 scrolls of immolation
 A - 13 scrolls of fear
 K - 2 scrolls of enchant armour
 O - 4 scrolls of fog
 S - 2 scrolls of silence
 V - 2 scrolls of summoning
 Z - a scroll of holy word
Potions
 h - 3 potions of mutation
 m - a potion of resistance
 p - 2 potions of invisibility
 q - 16 potions of curing
 s - 7 potions of might
 w - 9 potions of cancellation
 x - 5 potions of lignification
 B - 12 potions of ambrosia
 D - 11 potions of agility
 N - a potion of flight
 T - 4 potions of haste
Comestibles
 c - 81 rations


   Skills:
 O Level 27 Fighting
 O Level 27 Axes
 O Level 27 Bows
 + Level 23.3 Armour
 * Level 17.1 Dodging
 + Level 6.3 Stealth


You had 26 spell levels left.
You didn't know any spells.
Your spell library was empty.

Dungeon Overview and Level Annotations

Branches:
Dungeon (15/15)            Temple (0/1) D:7            Lair (6/6) D:11
  Swamp (4/4) Lair:3       Spider (4/4) Lair:3        Slime (5/5) Lair:6
    Orc (2/2) D:12            Elf (3/3) Orc:2        Vaults (5/5) D:14
  Crypt (3/3) Vaults:2       Tomb (2/3) Crypt:3      Depths (5/5) D:15
    Zot (0/5) Depths:5

Altars:
Fedhas
Kikubaaqudgha
Makhleb
Uskayaw
Vehumet
Xom
Yredelemnul
Beogh
Jiyva
Lugonu

Shops:
D:6 (   Orc:1 *   Orc:2 *}=*:   Elf:2 ?   Elf:3 }[   Swamp:3 *   Vaults:2 (
Vaults:4 %   Depths:3 [[?(   Depths:4 %

Portals:
Hell: Depths:1 Depths:2 Depths:3 Depths:4 Depths:5
Pandemonium: Depths:1 Depths:3 Depths:5
Ziggurat: Depths:4
Trove: Depths:3 (give hat of Pondering)

Annotations:
D:11 1 runed door, lemonriz's ghost, journeyman MiFi
Swamp:2 1 runed door, Soeti's ghost, adept GnFi
Vaults:2 3 runed doors, Eneuly's ghost, legendary MfIE; Frederick


Innate Abilities, Weirdness & Mutations

You reflexively headbutt those who attack you in melee.
You have a pair of horns on your head.
Scrolls take you longer to read.
You are clumsy. (Dex -2)
Your body sometimes deteriorates upon taking damage.
Potions are less effective at restoring your health.


Message History

The mummy priest calls down the wrath of its god upon you.
Something smites you!
* * * LOW HITPOINT WARNING * * *
The orange demon completely misses you.
You open the mummy priest like a pillowcase!!!
You destroy the mummy priest!
Trog accepts your kill.
You feel extremely nervous for a moment...
Something reaches out for you...
The flying skull disappears in a puff of smoke!
The spriggan skeleton disappears in a puff of smoke!
The ice dragon zombie disappears in a puff of smoke!
You slice the necrophage!! The necrophage barely misses you.
You furiously retaliate!
You headbutt the necrophage!!
You destroy the necrophage!
The necrophage's corpse disappears in a puff of smoke!
The power of Zot is invoked against you!
You feel a terrible chill!
There is a sudden explosion of frost!
The explosion engulfs you!
You feel a terrible chill!
You die...

#######
#..^..#
#.....#
#.....#
#§3^..#
#§))..#
#@W4.##
###M##
#...3#
#..Z^#
#..W.# ...
#...§# #M.
#.)M.#
##...
#...z#.[.(
#....#
#...^#..(#
#...M.3


You could see a mummy priest, a soul eater, an orange demon, a ynoxinul and a
shadow.

Vanquished Creatures
  the Royal Jelly (Slime:5)
  Khufu (Crypt:3)
  A juggernaut (Depths:5)
  3 ancient liches (Vaults:5)
  6 greater mummies
  Bai Suzhen (Crypt:3)
  Saint Roka (Depths:4)
  Xtahua (Vaults:2)
  4 caustic shrikes (Depths:5)
  A profane servitor (Crypt:3)
  3 golden dragons
  Nikola (Swamp:2)
  Jory (Depths:5)
  3 bone dragons
  Rupert (D:15)
  Jorgrun (Spider:3)
  An Ice Fiend (IceCv)
  5 liches
  3 titans (Vaults:5)
  Asterion (Vaults:2)
  2 tentacled monstrosities
  2 deep elf master archers (Elf:3)
  2 deep elf blademasters (Elf:3)
  35 acid blobs
  14 sphinxes
  Frances (D:12)
  6 ancient champions
  3 thorn hunters
  10 shadow dragons
  15 azure jellies
  7 tengu reavers
  7 revenants
  9 fire giants
  4 storm dragons
  An orc warlord (Orc:2)
  A ghost moth (shapeshifter) (Depths:5)
  14 frost giants
  3 iron dragons
  7 deep elf sorcerers
  19 vault wardens
  2 imperial myrmidons (Desolation)
  4 curse skulls
  Louise (Swamp:2)
  A draconian stormcaller (Depths:5)
  4 ghost moths (Spider:4)
  18 ironheart preservers
  9 emperor scorpions
  5 ghouls
  4 deep elf elementalists
  2 war gargoyles (Vaults:5)
  A reaper (Depths:3)
  A draconian annihilator (Depths:5)
  5 spriggan defenders
  3 large abominations
  9 vampire knights
  40 very ugly things
  6 entropy weavers
  16 stone giants
  2 bennus (Tomb:1)
  A green draconian (Depths:5)
  9 deep elf demonologists
  The ghost of nujazz the Fighter, a journeyman DsBe of Trog (Lair:6)
  7 deep elf annihilators (Elf:3)
  A minotaur (Lab)
  Azrael (D:12)
  2 black draconians (Depths:5)
  3 halazid warlocks (Desolation)
  14 ettins
  10 spark wasps
  The ghost of Vohil the Carver, a journeyman MiFi of Okawaru (Lair:3)
  20 jiangshi
  A merfolk impaler (Depths:5)
  Josephine (Swamp:1)
  13 mummy priests
  3 eidola
  7 fire dragons
  14 deep elf death magi
  8 ragged hierophants (Desolation)
  5 deep elf high priests
  11 yaktaur captains
  A hell beast (Depths:1)
  9 death oozes
  6 ice dragons
  15 great orbs of eyes
  6 peacekeepers
  Erolcha (Orc:2)
  41 vault guards
  16 hydras
  8 servants of whispers (Desolation)
  3 rakshasas
  A ghost crab (Swamp:2)
  4 spriggan air magi
  2 shambling mangroves
  3 merfolk avatars (Swamp:2)
  A catoblepas (Lair:4)
  50 two-headed ogres
  17 dancing weapons
  11 centaur warriors
  7 tengu warriors
  5 death knights
  14 death scarabs
  14 ogre magi
  11 deep troll earth magi
  10 deep troll shamans
  11 alligators
  8 vampire magi
  9 spriggan berserkers
  2 thrashing horrors (Abyss:4)
  A shock serpent (shapeshifter) (Vaults:5)
  Urug (Lair:4)
  8 orc high priests (Orc:2)
  A storm dragon zombie (Vaults:3)
  17 deep elf knights
  2 soul eaters
  Sonja (Lair:1)
  55 skeletal warriors
  A sun demon (Depths:3)
  2 titan skeletons
  2 iron trolls
  2 unseen horrors (shapeshifter)
  8 hell knights
  4 shadow wraiths
  3 spectral hydras (Swamp:4)
  3 swamp dragons (Swamp:1)
  11 wizards
  4 glowing orange brains
  An unseen horror (Vaults:1)
  3 spriggan druids
  7 flayed ghosts
  31 deep trolls
  13 deep elf archers
  An anaconda skeleton (Crypt:3)
  24 ironbrand convokers
  An orange crystal statue (Depths:1)
  13 phantasmal warriors
  36 ugly things
  12 necromancers
  2 orc sorcerers
  11 orc knights
  17 orb spiders
  A sphinx zombie (Depths:1)
  An oklob plant (Lair:1)
  A harpy (shapeshifter) (D:14)
  28 wolf spiders
  12 shining eyes
  A fire giant zombie (Tomb:1)
  2 stone giant zombies
  67 deep elf magi
  A faun (shapeshifter) (Depths:2)
  A salamander (shapeshifter) (Vaults:3)
  2 iron dragon skeletons
  A moth of wrath (Spider:4)
  A tengu skeleton (Vaults:5)
  2 ice statues (IceCv)
  5 toenail golems (Volcano)
  18 elephants
  A human skeleton (Vaults:3)
  2 black mambas
  2 guardian serpents (Desolation)
  19 vault sentinels
  A stone giant skeleton (Tomb:1)
  5 eyes of devastation
  27 spiny frogs
  A shock serpent skeleton (Crypt:2)
  A storm dragon simulacrum (Vaults:5)
  A dire elephant zombie (Crypt:1)
  A torpor snail (Spider:1)
  A human zombie (Vaults:5)
  A centaur skeleton (D:15)
  5 spectral swamp worms (Depths:3)
  4 rime drakes
  A yaktaur zombie (D:15)
  3 kobold demonologists
  A spiny frog (shapeshifter) (Elf:1)
  12 demonic crawlers
  A komodo dragon (shapeshifter) (Depths:1)
  A swamp worm zombie (Swamp:4)
  12 ice devils (IceCv)
  An efreet (D:13)
  9 komodo dragons
  A redback zombie (D:15)
  43 yaktaurs
  18 freezing wraiths
  2 red devils
  3 hydra zombies (Swamp:4)
  3 anaconda simulacra
  A queen ant zombie (Crypt:2)
  A jumping spider (shapeshifter) (Vaults:5)
  7 tengu conjurers
  31 guardian mummies
  15 jumping spiders
  6 tyrant leeches
  A polar bear (Lair:3)
  A wind drake (shapeshifter) (Depths:3)
  10 trolls
  19 hornets
  2 queen bees
  A troll (shapeshifter) (Vaults:3)
  A spriggan zombie (D:15)
  4 spectral swamp dragons (Swamp:4)
  59 saltlings
  4 alligator zombies (Swamp:4)
  Prince Ribbit (D:5)
  A death drake skeleton (Crypt:2)
  A fire giant simulacrum (Vaults:3)
  11 bog bodies
  A hydra skeleton (Crypt:2)
  2 raiju (shapeshifter)
  40 blink frogs
  17 hippogriffs
  An ettin zombie (Tomb:1)
  A stone giant simulacrum (Vaults:3)
  123 slime creatures
  54 flying skulls
  Sigmund (D:2)
  10 spriggans
  2 ettin skeletons
  An ice dragon skeleton (D:15)
  18 tarantellas
  A centaur simulacrum (D:14)
  A vampire (D:15)
  2 air elementals (Elf:1)
  8 shadows
  52 redbacks
  7 water elementals
  5 wyverns
  An alligator skeleton (Crypt:1)
  2 yaks (shapeshifter)
  7 wraiths
  59 yaks
  A tarantella (shapeshifter) (Depths:5)
  3 ushabtiu
  16 golden eyes
  2 hogs (shapeshifter)
  A hungry ghost (D:14)
  5 basilisks
  5 fire elementals
  A chaos spawn (Depths:3)
  37 vampire mosquitoes
  A yaktaur simulacrum (Depths:1)
  Edmund (D:5)
  25 insubstantial wisps
  17 wargs
  2 harpy simulacra (IceCv)
  17 swamp worms
  2 acid dragons (Vaults:2)
  An acid dragon (shapeshifter) (Vaults:5)
  2 small abominations (Crypt:3)
  8 water moccasins
  3 hydra simulacra (IceCv)
  3 iron troll simulacra (IceCv)
  Duvessa (D:6)
  A floating eye (Depths:4)
  6 porcupines
  3 hell hounds (D:12)
  2 swamp drakes
  39 orc warriors
  4 ice beasts
  5 necrophages
  2 black bears
  An elephant zombie (Crypt:1)
  9 eyes of draining
  4 swamp dragon zombies (Swamp:4)
  8 phantoms
  3 boggarts
  40 ogres
  21 wolves
  7 centaurs
  15 crocodiles
  A blink frog skeleton (Crypt:2)
  29 bullfrogs
  2 big kobolds
  An elf zombie (Crypt:1)
  5 earth elementals
  A wyvern skeleton (Crypt:1)
  5 scorpions
  Dowan (D:6)
  3 human simulacra
  38 killer bees
  10 electric eels
  6 howler monkeys
  3 wights (D:12)
  A spectral centaur (Crypt:3)
  2 bullfrog zombies
  A troll skeleton (Crypt:1)
  6 crimson imps
  3 centaur zombies
  44 orc priests
  10 jellies
  Crazy Yiuf (D:2)
  9 hounds
  32 orc wizards
  A bullfrog skeleton (D:7)
  Natasha (twice) (D:2)
  Terence (D:3)
  10 worker ants
  5 iguanas
  13 hell rats
  A killer bee zombie (D:11)
  A big kobold skeleton (Crypt:1)
  A hound zombie (D:6)
  18 mummies
  Robin (D:2)
  14 adders
  A swamp drake zombie (Swamp:4)
  7 shadow imps
  2 oozes
  An adder skeleton (D:4)
  An iguana skeleton (Crypt:2)
  4 worms
  A dart slug (D:1)
  4 leopard geckos
  152 orcs
  A ball python (D:3)
  5 giant cockroaches
  14 goblins
  7 hobgoblins
  3 jackals (D:8)
  25 kobolds
  5 quokkas
  4 bats
  A dart slug zombie (Crypt:2)
  2 frilled lizards
  A goblin skeleton (Crypt:2)
  A jackal zombie (Crypt:1)
  A quokka skeleton (Crypt:2)
  9 rats
  2 crawling corpses (Vaults:5)
  2 fungi (Lair:5)
  8 plants
2842 creatures vanquished.

Vanquished Creatures (collateral kills)
  An azure jelly (Slime:5)
  2 slime creatures (Depths:4)
  A golden eye (Depths:4)
4 creatures vanquished.

Vanquished Creatures (others)
  An ancient champion (Tomb:2)
  A stone giant (Depths:2)
  11 death scarabs (Tomb:2)
  A two-headed ogre (Depths:3)
  An ogre (Vaults:4)
  A kobold (D:7)
  23 fungi
  34 plants
73 creatures vanquished.

Grand Total: 2919 creatures vanquished

Notes
Turn   | Place    | Note
-------+----------+-------------------------------------------
     0 | D:1      | nikopol the Minotaur Berserker began the quest for the Orb.
     0 | D:1      | Reached XP level 1. HP: 19/19 MP: 0/0
   128 | D:1      | Reached XP level 2. HP: 23/27 MP: 1/1
   349 | D:2      | Noticed Robin
   355 | D:2      | Noticed Natasha
   358 | D:2      | Reached XP level 3. HP: 25/33 MP: 2/2
   359 | D:2      | Reached ** piety under Trog
   361 | D:2      | Killed Robin
   364 | D:2      | Killed Natasha
   364 | D:2      | Reached XP level 4. HP: 28/41 MP: 3/3
   549 | D:2      | Reached skill level 5 in Axes
   673 | D:2      | Noticed Sigmund
   679 | D:2      | Killed Sigmund
   679 | D:2      | Reached skill level 5 in Fighting
   679 | D:2      | Reached XP level 5. HP: 48/48 MP: 4/4
   762 | D:2      | Found a runed door.
   766 | D:2      | Noticed Crazy Yiuf
   770 | D:2      | Killed Crazy Yiuf
   770 | D:2      | Reached XP level 6. HP: 56/56 MP: 5/5
   890 | D:2      | Found a faded altar of an unknown god.
  1282 | D:2      | Noticed Natasha
  1289 | D:2      | Killed Natasha
  1408 | D:3      | Reached *** piety under Trog
  1451 | D:3      | Noticed Terence
  1458 | D:3      | Killed Terence
  2114 | D:4      | Reached skill level 1 in Stealth
  2134 | D:4      | Reached XP level 7. HP: 62/62 MP: 6/6
  2626 | D:5      | Entered Level 5 of the Dungeon
  2824 | D:5      | Noticed Edmund
  2834 | D:5      | Killed Edmund
  2834 | D:5      | Reached XP level 8. HP: 70/70 MP: 7/7
  2835 | D:5      | Reached **** piety under Trog
  2943 | D:5      | Noticed Prince Ribbit
  2951 | D:5      | Killed Prince Ribbit
  3134 | D:5      | Found a burning altar of Makhleb.
  3142 | D:5      | Reached skill level 5 in Armour
  3325 | D:6      | Noticed Duvessa
  3325 | D:6      | Noticed Dowan
  3331 | D:6      | Killed Dowan
  3332 | D:6      | Killed Duvessa
  3345 | D:6      | Got a smoking ring mail
  3361 | D:6      | Identified the +5 ring mail of Leapfrog {rElec MR+ Str+2
                  | Slay+2} (You found it on level 6 of the Dungeon)
  3398 | D:6      | Reached skill level 10 in Axes
  3401 | D:6      | Reached skill level 5 in Dodging
  3534 | D:6      | Reached XP level 9. HP: 72/79 MP: 8/8
  3546 | D:6      | Found Fothrastro's Weapon Shoppe.
  4308 | D:7      | Reached ***** piety under Trog
  4385 | D:7      | Found an ancient bone altar of Kikubaaqudgha.
  4627 | D:7      | Found a staircase to the Ecumenical Temple.
  4801 | D:7      | Reached skill level 1 in Bows
  4870 | D:7      | Got a faintly glowing war axe
  4871 | D:7      | Identified the +7 war axe "Affalawko" {speed, *Slow Str+3
                  | Int+7 Dex+2} (You found it on level 7 of the Dungeon)
  5207 | D:8      | Noticed a two-headed ogre
  5214 | D:8      | Killed a two-headed ogre
  5214 | D:8      | Reached XP level 10. HP: 90/90 MP: 9/9
  5334 | D:8      | Reached skill level 5 in Bows
  5338 | D:8      | Received a gift from Trog
  5761 | D:8      | Found a blossoming altar of Fedhas.
  5830 | D:8      | Identified a +0 pair of boots of running (You found it on
                  | level 8 of the Dungeon)
  6311 | D:9      | Noticed a two-headed ogre
  6319 | D:9      | Received a gift from Trog
  6323 | D:9      | Killed a two-headed ogre
  6416 | D:9      | Noticed a two-headed ogre
  6423 | D:9      | Killed a two-headed ogre
  6467 | D:9      | Received a gift from Trog
  6727 | D:9      | Reached XP level 11. HP: 79/97 MP: 10/10
  7309 | D:9      | You fall through a shaft for 3 floors!
  7309 | D:12     | Noticed Azrael
  7318 | D:12     | Killed Azrael
  7320 | D:12     | Noticed a deep elf mage
  7325 | D:12     | Killed a deep elf mage
  7658 | D:12     | Noticed a two-headed ogre
  7661 | D:12     | Noticed a deep elf mage
  7664 | D:12     | Killed a two-headed ogre
  7664 | D:12     | Reached skill level 10 in Fighting
  7668 | D:12     | Killed a deep elf mage
  7710 | D:11     | Noticed a purple ugly thing
  7719 | D:10     | Entered Level 10 of the Dungeon
  8116 | D:10     | Received a gift from Trog
  8338 | D:11     | Reached skill level 15 in Axes
  8342 | D:11     | Killed a purple ugly thing
  8421 | D:11     | Reached XP level 12. HP: 101/106 MP: 11/11
  8451 | D:11     | Found a staircase to the Lair.
  8513 | D:11     | Reached skill level 10 in Bows
  8564 | D:11     | Found a runed door.
  8565 | D:11     | Found a shimmering altar of Xom.
  8565 | D:11     | Noticed lemonriz's ghost (journeyman MiFi)
  8890 | Lair:1   | Entered Level 1 of the Lair of Beasts
  9184 | Lair:1   | Noticed Sonja
  9186 | Lair:1   | Killed Sonja
 10062 | Lair:2   | Reached ****** piety under Trog
 10320 | Lair:2   | Received a gift from Trog
 11038 | Lair:3   | Received a gift from Trog
 11098 | Lair:3   | Found a staircase to the Swamp.
 11125 | Lair:3   | Found a labyrinth entrance.
 11144 | Lab      | Entered a labyrinth
 11324 | Lab      | Noticed a minotaur
 11339 | Lab      | Killed a minotaur
 11339 | Lab      | Reached XP level 13. HP: 116/116 MP: 12/12
 11358 | Lab      | Found the +3 salamander hide armour {+Rage rF++}
 11612 | Lair:3   | Received a gift from Trog
 11660 | Lair:3   | Found a hole to the Spider Nest.
 11694 | Lair:3   | Found a runed gate.
 11697 | Lair:3   | Found a runed gate.
 11744 | Lair:3   | Found a runed gate.
 11745 | Lair:3   | Noticed Vohil's ghost (journeyman MiFi)
 12529 | Lair:4   | Noticed Urug
 12551 | Lair:4   | Killed Urug
 14052 | Lair:5   | Received a gift from Trog
 14074 | Lair:5   | Reached skill level 15 in Bows
 14578 | Lair:6   | Entered Level 6 of the Lair of Beasts
 14825 | Lair:6   | Reached XP level 14. HP: 83/127 MP: 13/13
 15526 | Lair:6   | Found a runed door.
 15977 | Lair:6   | Received a gift from Trog
 16311 | Lair:6   | Noticed nujazz's ghost (journeyman DsBe)
 16621 | Lair:6   | Found a staircase to the Slime Pits.
 16621 | Lair:6   | Found a viscous altar of Jiyva.
 17077 | Lair:6   | Killed nujazz's ghost
 17418 | Lair:3   | Killed Vohil's ghost
 17964 | D:12     | Noticed Frances
 17972 | D:12     | Killed Frances
 18015 | D:12     | Found a roughly hewn altar of Beogh.
 18025 | D:12     | Found a staircase to the Orcish Mines.
 18032 | D:12     | Received a gift from Trog
 18599 | D:13     | Identified a scroll of acquirement
 18732 | D:13     | Reached XP level 15. HP: 123/137 MP: 14/14
 19497 | Orc:1    | Entered Level 1 of the Orcish Mines
 19497 | Orc:1    | Found Bitij's Assorted Antiques.
 19566 | Orc:1    | Bought an embroidered hat for 203 gold pieces
 19591 | Orc:1    | Received a gift from Trog
 19863 | Orc:2    | Entered Level 2 of the Orcish Mines
 19981 | Orc:2    | Found a roughly hewn altar of Beogh.
 20054 | Orc:2    | Noticed Erolcha
 20059 | Orc:2    | Killed Erolcha
 20147 | Orc:2    | Found a dark tunnel.
 20166 | Volcano  | Entered a volcano
 20196 | Volcano  | Received a gift from Trog
 20679 | Orc:2    | Noticed an orc warlord
 20721 | Orc:2    | Killed an orc warlord
 20753 | Orc:2    | Found a staircase to the Elven Halls.
 20808 | Orc:2    | Found Yggouxig's Assorted Antiques.
 20871 | Orc:2    | Reached skill level 15 in Fighting
 20992 | Orc:2    | Found a roughly hewn altar of Beogh.
 21047 | Orc:2    | Found Soumu's Gadget Shoppe.
 21064 | Orc:2    | Found Miosk's Jewellery Boutique.
 21122 | Orc:2    | Found Oroawa's Assorted Antiques.
 21148 | Orc:2    | Found Weerrucw's Book Boutique.
 21158 | Orc:2    | Received a gift from Trog
 22503 | D:14     | Received a gift from Trog
 22910 | D:14     | Found a gate to the Vaults.
 22913 | D:14     | Received a gift from Trog
 22913 | D:14     | Reached XP level 16. HP: 108/149 MP: 15/15
 23280 | D:15     | Entered Level 15 of the Dungeon
 23444 | D:15     | Found a staircase to the Depths.
 23712 | D:15     | Noticed Rupert
 23732 | D:15     | Killed Rupert
 24212 | Swamp:1  | Entered Level 1 of the Swamp
 24220 | Swamp:1  | Received a gift from Trog
 24242 | Swamp:1  | Noticed Josephine
 24259 | Swamp:1  | Killed Josephine
 24278 | Swamp:1  | Noticed a thorn hunter
 24290 | Swamp:1  | Killed a thorn hunter
 24993 | Swamp:1  | Received a gift from Trog
 25201 | Swamp:1  | Noticed a thorn hunter
 25218 | Swamp:1  | Killed a thorn hunter
 25980 | Swamp:2  | Found a runed door.
 25980 | Swamp:2  | Found a shimmering altar of Xom.
 25980 | Swamp:2  | Noticed Soeti's ghost (adept GnFi)
 25992 | Swamp:2  | Noticed Nikola
 26004 | Swamp:2  | Killed Nikola
 26023 | Swamp:2  | Noticed Louise
 26042 | Swamp:2  | Killed Louise
 28144 | Swamp:3  | Found Duaff's Island Escapes.
 28311 | Swamp:4  | Entered Level 4 of the Swamp
 28320 | Swamp:4  | Received a gift from Trog
 28516 | Swamp:4  | Reached XP level 17. HP: 111/161 MP: 16/16
 28795 | Swamp:4  | Reached skill level 10 in Armour
 29533 | Swamp:4  | Received a gift from Trog
 29557 | Swamp:4  | Noticed a bone dragon
 29976 | Swamp:4  | Killed a bone dragon
 30195 | Swamp:4  | Got a decaying rune of Zot
 30814 | Vaults:1 | Entered Level 1 of the Vaults
 31195 | D:14     | Upgraded the game from 0.23-a0-416-g33f1def to
                  | 0.23-a0-419-g0174fd8
 31830 | Vaults:1 | Got a fine brass ring
 32272 | Vaults:1 | Received a gift from Trog
 32988 | Vaults:2 | Found a runed gate.
 32989 | Vaults:2 | Found a runed gate.
 32989 | Vaults:2 | Found a runed gate.
 32990 | Vaults:2 | Noticed Eneuly's ghost (legendary MfIE)
 33196 | Vaults:2 | Found Egacs's Weapon Shop.
 33207 | Vaults:2 | Noticed Xtahua
 33217 | Vaults:2 | Killed Xtahua
 33217 | Vaults:2 | Reached XP level 18. HP: 169/169 MP: 17/17
 33229 | Vaults:2 | Noticed Frederick
 33240 | Vaults:2 | Received a gift from Trog
 33568 | Vaults:2 | Identified the cursed ring "Cuaxu" {rElec Slay-5} (You
                  | found it on level 1 of the Vaults)
 34605 | Vaults:2 | Found a hide-covered altar of Uskayaw.
 34689 | Vaults:2 | Cast into level 4 of the Abyss (vault warden)
 34732 | Vaults:2 | Escaped the Abyss
 34872 | Vaults:2 | Noticed a bone dragon
 34872 | Vaults:2 | Noticed Asterion
 34884 | Vaults:2 | Killed Asterion
 34886 | Vaults:2 | Killed a bone dragon
 34887 | Vaults:2 | Found a staircase to the Crypt.
 35758 | Vaults:3 | Found a ruined gateway.
 35775 | Desolati | Entered the Desolation of Salt
 35869 | Desolati | Received a gift from Trog
 36591 | Desolati | Got a smoking iron amulet
 36592 | Desolati | Identified the amulet "Baavekk" {Acrobat rElec Int+2} (You
                  | found it in the Desolation of Salt)
 36784 | Desolati | Got an ichor-stained scale mail
 36786 | Desolati | Identified the +3 scale mail "Wiqeepny" {*Contam MR+++
                  | Str+4 Dex-3} (You found it in the Desolation of Salt)
 37010 | Desolati | Received a gift from Trog
 37014 | Desolati | Identified the ring "Suaseajeq" {+Fly rPois rC- MR++
                  | Stlth+}
 37219 | Desolati | Reached XP level 19. HP: 163/179 MP: 18/18
 37448 | Desolati | Got a scintillating platinum ring
 37449 | Desolati | Identified the ring of Polytheism {*Corrode rElec rF+ rC+
                  | Slay+3} (You found it in the Desolation of Salt)
 37858 | Vaults:3 | Gained mutation: Scrolls take you a little longer to read.
                  | [mutagenic glow]
 38162 | Vaults:3 | Received a gift from Trog
 39123 | Vaults:3 | Received a gift from Trog
 39757 | Vaults:3 | Received a gift from Trog
 40300 | Vaults:3 | Received a gift from Trog
 40674 | Vaults:4 | Received a gift from Trog
 41019 | Vaults:4 | Reached XP level 20. HP: 164/190 MP: 19/19
 41367 | Vaults:4 | Received a gift from Trog
 42796 | Vaults:4 | Found Naroomn's Food Shop.
 42949 | Vaults:5 | Entered Level 5 of the Vaults
 43264 | Elf:1    | Entered Level 1 of the Elven Halls
 43300 | Elf:1    | Received a gift from Trog
 43799 | Elf:1    | Reached skill level 10 in Dodging
 43908 | Elf:1    | Found the +2 hat of the Bear Spirit {Spirit, +Rage rN+
                  | MR++}
 44374 | Elf:2    | Found a huge runed gate.
 44374 | Elf:2    | Found a huge runed gate.
 44374 | Elf:2    | Found a huge runed gate.
 44376 | Elf:2    | Found a huge runed gate.
 44376 | Elf:2    | Found a huge runed gate.
 44435 | Elf:2    | Received a gift from Trog
 44461 | Elf:2    | Found Gicavuwu's Magic Scroll Emporium.
 44474 | Elf:2    | Bought a scroll of teleportation for 45 gold pieces
 44474 | Elf:2    | Bought 2 scrolls of teleportation for 90 gold pieces
 45753 | Elf:3    | Entered Level 3 of the Elven Halls
 46008 | Elf:3    | Found Josieda's Antique Armour Boutique.
 46013 | Elf:3    | Found Faiwouv's Gadget Boutique.
 46104 | Elf:3    | Received a gift from Trog
 46843 | Elf:3    | Identified the ring "Irybbuil" {+Blink rN+ Int+3}
 46844 | Elf:3    | Identified the +3 chain mail of Pyidimee {-Tele rF+++
                  | Slay+6 Stlth-}
 46846 | Elf:3    | Reached XP level 21. HP: 201/201 MP: 20/20
 46870 | Elf:3    | Identified the +7 rapier "Duqe Wam" {pierce, rF+ Str+3}
 46882 | Elf:3    | Received a gift from Trog
 46892 | Elf:3    | Identified the cursed +1 ring mail of Parlour Games {*Slow
                  | Regen+ rCorr Str+8 Int+4}
 47200 | Elf:3    | Identified the +0 long sword of Axtail {slice, Fragile rC+
                  | Int+6 Stlth+}
 47214 | Elf:3    | Received a gift from Trog
 48181 | Spider:1 | Entered Level 1 of the Spider Nest
 48877 | Spider:2 | Found a frozen archway.
 48896 | IceCv    | Entered an ice cave
 49040 | IceCv    | Received a gift from Trog
 49538 | IceCv    | Received a gift from Trog
 49580 | IceCv    | Got a dazzling chain mail
 49591 | IceCv    | Identified the cursed +1 chain mail "Qeirilir" {rC+ MP+9
                  | Int-4} (You found it in an ice cave)
 49591 | IceCv    | Lost intelligence.
 49804 | Spider:2 | Reached skill level 5 in Stealth
 50167 | Spider:3 | Noticed Jorgrun
 50188 | Spider:3 | Killed Jorgrun
 50790 | Spider:3 | Received a gift from Trog
 51257 | Spider:4 | Entered Level 4 of the Spider Nest
 52247 | Spider:4 | Received a gift from Trog
 52836 | Spider:4 | Reached XP level 22. HP: 215/215 MP: 21/21
 52931 | Spider:4 | Got a gossamer rune of Zot
 53362 | Depths:1 | Entered Level 1 of the Depths
 54131 | Depths:1 | Found a one-way gate leading to the halls of Pandemonium.
 54162 | Depths:1 | Reached skill level 27 in Axes
 54305 | Depths:1 | Found a gateway to Hell.
 54574 | Depths:1 | Noticed a golden dragon
 54884 | Depths:2 | Received a gift from Trog
 56256 | Depths:2 | Identified the amulet of Koixysmi {Spirit rN+ Dex+5}
 56256 | Depths:2 | Identified the ring of Zeocud {rPois rN+ Int-4 SInv}
 56261 | Depths:2 | Identified the ring of the Jolly Ghosts {rF+ MP+9 Int+2
                  | SInv Stlth-}
 56814 | Depths:2 | Got a spiked scale mail
 56817 | Depths:2 | Identified the +6 scale mail of Vijatwit {*Drain rElec rF+
                  | rC+} (You acquired it on level 2 of the Depths)
 56954 | Depths:2 | Got a faintly glowing brass ring
 56957 | Depths:2 | Identified the ring "Faixt" {rC+ rN+ Int+3 Dex+3} (You
                  | found it on level 2 of the Depths)
 57179 | Depths:3 | Found Isuesut's Antique Weapon Shoppe.
 57182 | Depths:3 | Found Rawear's Magic Scroll Shoppe.
 57182 | Depths:3 | Found Faluqeat's Armour Emporium.
 57187 | Depths:3 | Received a gift from Trog
 57215 | Depths:3 | Found Lotetar's Antique Armour Emporium.
 57223 | Depths:3 | Bought a scroll of teleportation for 33 gold pieces
 57223 | Depths:3 | Bought a scroll of teleportation for 33 gold pieces
 57223 | Depths:3 | Bought a scroll of teleportation for 33 gold pieces
 57223 | Depths:3 | Bought a scroll of teleportation for 33 gold pieces
 57223 | Depths:3 | Bought a scroll of acquirement for 572 gold pieces
 57223 | Depths:3 | Bought a scroll of blinking for 82 gold pieces
 57258 | Depths:3 | Bought a pair of runed gloves for 330 gold pieces
 57258 | Depths:3 | Bought a polished chain mail for 418 gold pieces
 57269 | Depths:3 | Identified the +3 chain mail of the Bulwark {+Fly rC+
                  | Regen+ Str-4 Int+8} (You bought it in a shop on level 3 of
                  | the Depths)
 58537 | Depths:3 | Reached XP level 23. HP: 229/229 MP: 22/22
 58596 | Depths:3 | Found a portal to a secret trove of treasure.
 58859 | Depths:3 | Received a gift from Trog
 58973 | Depths:3 | Identified the +6 whip "Boqakeho" {venom, MR+}
 59193 | Depths:3 | Received a gift from Trog
 60128 | Depths:4 | Identified the +8 large shield of the Everdark {rCorr}
 60146 | Depths:4 | Got an ancient plate armour
 60149 | Depths:4 | Identified the cursed +1 plate armour of Negation {*Contam
                  | Regen+ rCorr Str+6} (You found it on level 4 of the Depths)
 60248 | Depths:4 | Found Toqan's Food Boutique.
 60397 | Depths:4 | Found a gateway to a ziggurat.
 60398 | Depths:4 | Found a corrupted altar of Lugonu.
 60591 | Depths:4 | Noticed Saint Roka
 60613 | Depths:4 | Killed Saint Roka
 60946 | Depths:4 | Found a transporter.
 61097 | Depths:4 | Found a transporter.
 61296 | Depths:4 | Received a gift from Trog
 61332 | Depths:4 | Got a warped marble ring
 61343 | Depths:4 | Identified the ring of Adaoshreu {+Inv rElec rN+ Str+5
                  | Stlth+} (You found it on level 4 of the Depths)
 61506 | Depths:4 | Upgraded the game from 0.23-a0-419-g0174fd8 to
                  | 0.23-a0-422-g30b1108
 61832 | Depths:5 | Entered Level 5 of the Depths
 61858 | Depths:5 | Noticed Jory
 61877 | Depths:5 | Noticed a juggernaut
 61881 | Depths:5 | Reached XP level 24. HP: 204/244 MP: 13/22
 61885 | Depths:5 | Killed Jory
 61894 | Depths:5 | Killed a juggernaut
 62587 | Depths:5 | Found a shimmering altar of Xom.
 62683 | Depths:5 | Found a gate to the Realm of Zot.
 63420 | Slime:1  | Entered Level 1 of the Pits of Slime
 64025 | Slime:2  | Received a gift from Trog
 64115 | Slime:1  | Reached skill level 27 in Fighting
 64118 | Slime:1  | Gained mutation: Armour fits poorly on your strangely
                  | shaped body. [a shining eye]
 64240 | Slime:2  | Gained mutation: Your body sometimes deteriorates upon
                  | taking damage. [a shining eye]
 64242 | Slime:2  | Gained mutation: You tend to lose your temper in combat. [a
                  | shining eye]
 64395 | Slime:2  | Received a gift from Trog
 64938 | Slime:3  | Gained mutation: Potions are less effective at restoring
                  | your health. [a shining eye]
 64957 | Slime:3  | Received a gift from Trog
 65043 | Slime:3  | Gained mutation: Scrolls take you longer to read. [a
                  | shining eye]
 65080 | Slime:2  | Reached skill level 15 in Armour
 65950 | Slime:4  | Received a gift from Trog
 66197 | Slime:4  | Reached XP level 25. HP: 257/257 MP: 22/22
 66492 | Slime:5  | Entered Level 5 of the Pits of Slime
 66500 | Slime:5  | Received a gift from Trog
 66589 | Slime:5  | Gained mutation: You are weak. (Str -2) [a shining eye]
 66605 | Slime:5  | Gained mutation: You are clumsy. (Dex -2) [a shining eye]
 67119 | Slime:5  | Noticed the Royal Jelly
 67142 | Slime:5  | Killed the Royal Jelly
 67808 | Slime:5  | Identified the Collected Works on Attacks and Boosts
 67822 | Slime:5  | Got a slimy rune of Zot
 67872 | Slime:5  | Got a smoking granite ring
 67875 | Slime:5  | Identified the ring "Hokhy" {SInv Stlth+} (You found it on
                  | level 5 of the Pits of Slime)
 67889 | Slime:5  | Got an ancient chain mail
 67903 | Slime:5  | Identified the +3 chain mail "Voyweofi" {rElec Regen+ Str+4
                  | Stlth+} (You found it on level 5 of the Pits of Slime)
 68618 | Vaults:4 | Lost mutation: You are weak. (Str -2) [potion of mutation]
 68618 | Vaults:4 | Lost mutation: Armour fits poorly on your strangely shaped
                  | body. [potion of mutation]
 68618 | Vaults:4 | Lost mutation: You tend to lose your temper in combat.
                  | [potion of mutation]
 68957 | Vaults:5 | Received a gift from Trog
 68970 | Vaults:5 | Identified the +7 glaive "Ufriap" {freeze, rF- Dex+3 SInv}
 69184 | Vaults:5 | Identified the +1 robe "Xizuamy" {*Corrode +Fly rPois
                  | rN+++}
 69265 | Vaults:5 | Identified the +4 morningstar of a wizard's laboratory
                  | {pain, rC+ rN+ Dex+4}
 69551 | Vaults:5 | Received a gift from Trog
 69739 | Vaults:5 | Noticed an ancient lich
 69748 | Vaults:5 | Killed an ancient lich
 69851 | Vaults:5 | Reached XP level 26. HP: 266/266 MP: 22/22
 70010 | Vaults:5 | Received a gift from Trog
 70162 | Vaults:5 | Identified the +8 bardiche of the Big Fish {protect, rPois
                  | Str+4 Dex-4 Stlth+}
 70191 | Vaults:5 | Identified the cursed +0 hunting sling "Vesiac" {freeze,
                  | rElec rPois MR+ Str+3}
 70267 | Vaults:5 | Identified the +8 scimitar of Maides {slice, rPois rN+
                  | Dex-4}
 70328 | Vaults:5 | Noticed an ancient lich
 70333 | Vaults:5 | Killed an ancient lich
 70333 | Vaults:5 | Received a gift from Trog
 70558 | Vaults:5 | Received a gift from Trog
 70836 | Vaults:5 | Reached skill level 27 in Bows
 70838 | Vaults:5 | Noticed an ancient lich
 70846 | Vaults:5 | Killed an ancient lich
 71013 | Vaults:5 | Got a silver rune of Zot
 71591 | Crypt:1  | Entered Level 1 of the Crypt
 71630 | Crypt:1  | Received a gift from Trog
 72800 | Crypt:2  | Reached skill level 15 in Dodging
 72851 | Crypt:2  | Received a gift from Trog
 72868 | Crypt:2  | Found a transporter.
 72871 | Crypt:2  | Found the +2 pair of boots of the Assassin {Detection Stab+
                  | Stlth++}
 72872 | Crypt:2  | Found a radiant altar of Vehumet.
 73311 | Crypt:2  | Received a gift from Trog
 73440 | Crypt:2  | Found a transporter.
 73487 | Crypt:2  | Got a distressingly furry ring mail
 73490 | Crypt:2  | Identified the +6 ring mail of the Poles {+Fly Stlth+} (You
                  | found it on level 2 of the Crypt)
 73528 | Crypt:3  | Entered Level 3 of the Crypt
 73636 | Crypt:3  | Reached XP level 27. HP: 272/273 MP: 22/22
 73650 | Crypt:3  | Found a basalt altar of Yredelemnul.
 73668 | Crypt:3  | Received a gift from Trog
 73757 | Crypt:3  | Received a gift from Trog
 73758 | Crypt:3  | Noticed Bai Suzhen
 73978 | Crypt:3  | Received a gift from Trog
 74147 | Crypt:3  | Killed Bai Suzhen
 74386 | Crypt:3  | Received a gift from Trog
 74420 | Crypt:3  | Found the +4 moon troll leather armour {Spirit, Regen++
                  | MP+5}
 74562 | Crypt:3  | Found the +8 demon blade "Leech" {vamp, rN+ AC-3 EV-3}
 74625 | Crypt:3  | Found a staircase to the Tomb.
 74625 | Crypt:3  | Noticed Khufu
 74799 | Crypt:3  | Killed Khufu
 75379 | Depths:1 | Got a steaming longbow
 75380 | Depths:1 | Identified the +9 longbow of Righteous Fury {flame, rN+}
                  | (You found it on level 1 of the Depths)
 75696 | Tomb:1   | Entered Level 1 of the Tomb of the Ancients
 76177 | Tomb:1   | Received a gift from Trog
 76539 | Tomb:1   | Noticed a greater mummy
 76682 | Tomb:1   | Killed a greater mummy
 77282 | Tomb:1   | Noticed a greater mummy
 77289 | Tomb:1   | Killed a greater mummy
 77289 | Tomb:1   | Received a gift from Trog
 77690 | Tomb:1   | Noticed a greater mummy
 77700 | Tomb:1   | Killed a greater mummy
 77810 | Tomb:1   | Upgraded the game from 0.23-a0-422-g30b1108 to
                  | 0.23-a0-435-g79ed067
 77815 | Tomb:2   | Noticed a greater mummy
 77815 | Tomb:2   | Noticed a greater mummy
 77815 | Tomb:2   | Noticed a greater mummy
 77815 | Tomb:2   | Noticed a greater mummy
 77829 | Tomb:2   | HP: 4/273 [death scarab (12)]
 78174 | Tomb:2   | Killed a greater mummy
 78199 | Tomb:2   | Killed a greater mummy
 78217 | Tomb:2   | Lost intelligence.
 78239 | Tomb:2   | Killed a greater mummy
 78253 | Tomb:2   | Killed by the power of Zot

Vault maps used:
D:1:      saegor_arrival_simple_d
D:2:      first_ration, chequers_ecumenical_altar_simple_redux,
          grunt_decor_fettered, minivault_19, uniq_sigmund,
          uniq_crazy_yiuf_cottage, uniq_robin, uniq_natasha
D:3:      minmay_ruptured, uniq_terence
D:4:      serial_park_tiny_1
D:5:      bloody_makhleb, uniq_edmund, uniq_prince_ribbit1
D:6:      serial_shops, kennysheep_little_box, uniq_duvessa
D:7:      cheibrodos_helix_gallery, overflow_temple_1_default,
          minmay_temple_entry_mist, kennysheep_windowed_goal
D:8:      david_nohive_1, fedhas_altar_fruit_tree
D:11:     david_lair_generic, ebering_ghost_xom
D:12:     david_orc_5, uniq_frances, uniq_azrael
D:13:     spider_trap
D:14:     david_vaults_5, grunt_decor_one_mirror, minmay_hedge_maze,
          chequers_jeans
D:15:     gammafunk_depths_entry_grave, uniq_rupert
Lair:1:   lemuel_fruit_tree, minmay_lair_oklob_chamber, serial_bayou_shore_b,
          serial_bayou_shore_b, uniq_sonja
Lair:2:   beast_lair_carwin_8, serial_bayou_shore_b, grunt_megastairs_5,
          serial_bayou_shore_a, infiniplex_staircase_pool_2
Lair:3:   minmay_swamp_entry_wisps, spider_nest_entry_a, lab_entry_generic,
          gammafunk_ghost_hydra_chop, st_stairs_3
Lair:4:   fungi_pond_lemuel, grunt_megastairs_2, uniq_urug
Lair:5:   lemuel_fruit_fields, lemuel_fruit_fields, infiniplex_staircase_pool
Lair:6:   minmay_lair_end_frog_pond, slime_altar_1, ebering_ghost_funeral_grove
Swamp:1:  evilmike_swamp_ruin_house_4, uniq_josephine
Swamp:2:  ebering_ghost_xom, evilmike_swamp_ruin_wall, swamp_pool1,
          nicolae_swamp_rocky_clearing, grunt_lady_of_the_lake, uniq_nikola,
          uniq_louise
Swamp:3:  serial_swamp_ruin, evilmike_swamp_ruin_rubble_2,
          evilmike_swamp_ruin_rubble_1, evilmike_swamp_ruin_house_1,
          swamp_pool1, nicolae_island_escapes
Swamp:4:  swamp_pestilence, swamp_pool2, nicolae_swamp_trees_clearing
Spider:2: portal_ice_cave_entry_frozen_things
Spider:3: uniq_jorgrun
Spider:4: grunt_spider_rune_circles
Slime:4:  nicolae_slime_jelly_donut
Orc:1:    serial_shops, nicolae_shop_overgrown_old_shop
Orc:2:    st_orc_town, enter_volcano_2, basic_altar, serial_shops, shop,
          mines2_lemuel, uniq_erolcha
Elf:1:    eino_elf_arrival_customs, hangedman_elf_disciples
Elf:2:    serial_shops, shop_coins, serial_sigils, serial_sigils_hangedman_leer,
          serial_sigils_hangedman_scratch, serial_sigils_hangedman_etch,
          serial_sigils_hangedman_gut, minmay_fountain_box
Elf:3:    elf_hall, minmay_shop_star
Vaults:1: vaults_standard_mumra_enter_the_diamond, vaults_standard_mumra_lines,
          nicolae_vaults_what_the_h, hangedman_vaults_nails,
          vaults_room_octagon, hangedman_vaults_stitches,
          vaults_room_large_hall, nicolae_vaults_theta, vaults_room_fours
Vaults:2: gammafunk_vaults_ghost_split, v_misc_12,
          minmay_crypt_entry_nasty_monster, ontoclasm_vaults_claustrophobia,
          ontoclasm_vaults_fault, nicolae_vaults_mini_display_case,
          ontoclasm_vaults_hangar, nicolae_vaults_yaktaur_gun_rack,
          nicolae_vaults_shelves_hall, nicolae_vaults_three_branches,
          vaults_dpeg_cross, ontoclasm_vaults_loading_screen,
          nicolae_vaults_display_case, vaults_room_pool, basic_altar,
          serial_shops, nicolae_shop_behind_doors, uniq_frederick,
          uniq_asterion, uniq_xtahua
Vaults:3: v_misc_30, nicolae_vaults_c_with_doors, v_pattern_5,
          ontoclasm_vaults_decontamination, ontoclasm_vaults_shuriken,
          vaults_room_boxed, hangedman_vaults_slice, v_rooms_3, v_misc_30,
          ontoclasm_vaults_ring_square, ontoclasm_vaults_loading_screen,
          nicolae_vaults_little_squares_6, portal_desolation_entry_nicolae_nacl
Vaults:4: nicolae_vaults_specimen_jars, vaults_dpeg_ring,
          ontoclasm_vaults_gateway, vaults_room_fours, v_misc_1,
          vaults_dpeg_diagonal, dpeg_vaults_monster_box, serial_shops,
          nicolae_shop_behind_doors
Vaults:5: serial_shops
Crypt:1:  nicolae_crypt_small_crypt
Crypt:2:  gammafunk_sealed_library
Crypt:3:  grunt_crypt_end_deaths_head, uniq_bai_suzhen
Depths:1: minmay_misc_feat_chi, pan_entry, grunt_mini_vestibule,
          minmay_protected_statue
Depths:2: minmay_the_grid_triangle_9x9_rhombus_thin_mashed, hell_entry,
          minmay_misc_feat_rows, infiniplex_staircase_split_hallway
Depths:3: grunt_bent_corner, serial_glass, glass_columns_b, glass_columns_a,
          pf_hell_entry_tar_river, nicolae_trove_entry_path_of_doom,
          rand_demon_pan_entry_9, hangedman_abyss_or_decor_stagger,
          infiniplex_staircase_zigzag_1, minmay_shoptagon,
          basic_stair_grate_trap, firewood_loft
Depths:4: gammafunk_jiyva_shrine, enter_ziggurat_c, pf_coc_iceberg,
          serial_shops, shop_fountains, abyss_entry_flame_altar,
          roderic_roman_lattice, serial_bayou_shore_b, uniq_saint_roka
Depths:5: evilmike_zot_entry_diamond, basic_altar, hell_entry, pan_entry,
          nrook_pool_corridor, uniq_jory
Abyss:4:  minivault_27, nicolae_abyss_rune_left_handed
Lab:      nicolae_lab_dead_adventurers
IceCv:    ice_cave_tombish
Volcano:  volcano_bunker

Skill      XL: |  1  2  3  4  5  6  7  8  9 10 11 12 13 14 15 16 17 18 19 20 21 22 23 24 25 26 27 |
---------------+----------------------------------------------------------------------------------+-----
Fighting       | 4 5 6 7 8 9 10 11 12 13 15 17 18 19 20 21 22 23 25 27 | 27.0
Axes           | 4 6 7 8 10 12 15 16 17 18 19 20 21 23 25 26 27 | 27.0
Dodging        | 3 4 5 6 7 8 9 10 11 12 15 17 | 17.1
Armour         | 3 4 5 6 7 8 9 10 11 12 13 15 17 19 23 | 23.3
Stealth        | 1 2 3 4 5 6 |  6.3
Bows           | 4 8 9 12 15 16 17 19 20 21 22 23 24 26 27 | 27.0

Action                   |  1- 3 |  4- 6 |  7- 9 | 10-12 | 13-15 | 16-18 | 19-21 | 22-24 | 25-27 || total
-------------------------+-------+-------+-------+-------+-------+-------+-------+-------+-------++-------
Melee: Hand axe          |    46 |   119 |    64 |       |       |       |       |       |       ||   229
       Headbutt          |     4 |    21 |    41 |    69 |   175 |   214 |   135 |   167 |   204 ||  1030
       War axe           |       |       |   115 |   283 |   560 |   490 |       |       |       ||  1448
       Executioner's axe |       |       |       |       |       |   139 |   512 |   517 |   583 ||  1751
       Longbow           |       |       |       |       |       |       |       |       |     5 ||     5
 Fire: Shortbow          |       |       |    37 |   351 |  1043 |   867 |       |       |       ||  2298
       Longbow           |       |       |       |    38 |       |   184 |  1039 |   998 |  1191 ||  3450
Invok: Berserk           |     1 |     3 |     6 |     4 |     4 |     8 |     1 |     3 |     1 ||    31
       Brothers in Arms  |       |       |       |       |       |       |     1 |     1 |     1 ||     3
Evoke: Wand              |       |       |       |       |     1 |       |       |     2 |     1 ||     4
  Use: Scroll            |       |       |    10 |    12 |    10 |    17 |    17 |    10 |    10 ||    86
       Potion            |       |       |       |     2 |       |       |     1 |       |    11 ||    14
 Stab: Sleeping          |       |     2 |       |     1 |       |     1 |     4 |     2 |       ||    10
       Distracted        |       |       |       |       |     1 |       |     2 |       |     1 ||     4
  Eat: Chunk             |       |     7 |    14 |    18 |    33 |    49 |    32 |    28 |     8 ||   189
       Ration            |       |       |       |     1 |     1 |     4 |     2 |     4 |     8 ||    20
Armor: Animal skin       |     5 |     5 |       |       |       |       |       |       |       ||    10
       Scale mail        |       |    18 |    28 |       |       |       |       |       |       ||    46
       Ring mail         |       |       |    29 |    55 |   148 |   252 |   242 |   120 |       ||   846
       Chain mail        |       |       |       |       |     3 |       |       |       |       ||     3
       Plate armour      |       |       |       |       |       |       |       |    96 |   398 ||   494
Dodge: Dodged            |    39 |    66 |    97 |   164 |   260 |   440 |   350 |   376 |   685 ||  2477
Block: Other             |       |       |       |       |       |       |    15 |    28 |       ||    43
       Reflection        |       |       |       |       |       |       |       |     4 |       ||     4

Table legend:
 A = Non-vault XP
 B = Vault XP
 C = Vault XP percentage of total XP
 D = Non-vault monster count
 E = Vault monster count
 F = Vault count percentage of total count
                 A         B        C        D         E       F
            +---------+---------+-------+---------+---------+-------
      Total |  814995 |  862029 |  51.4 |    1688 |    1131 |  40.1
            +---------+---------+-------+---------+---------+-------
        D:1 |      30 |       0 |   0.0 |      18 |       0 |   0.0
        D:2 |      97 |     336 |  77.6 |      20 |      15 |  42.9
        D:3 |     105 |      43 |  29.1 |      15 |       4 |  21.1
        D:4 |     545 |       0 |   0.0 |      17 |       0 |   0.0
        D:5 |     365 |     434 |  54.3 |      13 |       2 |  13.3
        D:6 |    1161 |     214 |  15.6 |      33 |       2 |   5.7
        D:7 |    1068 |     198 |  15.6 |      25 |       3 |  10.7
        D:8 |    1640 |    1149 |  41.2 |      24 |      15 |  38.5
        D:9 |    3682 |    1792 |  32.7 |      42 |      25 |  37.3
       D:10 |     613 |       0 |   0.0 |       9 |       0 |   0.0
       D:11 |    3074 |    1065 |  25.7 |      19 |       4 |  17.4
       D:12 |    5227 |    4866 |  48.2 |      30 |      32 |  51.6
       D:13 |   17314 |       0 |   0.0 |      45 |       0 |   0.0
       D:14 |   10462 |    6615 |  38.7 |      28 |      11 |  28.2
       D:15 |    2695 |    6938 |  72.0 |      15 |       9 |  37.5
     Lair:1 |    2555 |    1483 |  36.7 |      15 |       3 |  16.7
     Lair:2 |    4964 |    2531 |  33.8 |      25 |      10 |  28.6
     Lair:3 |    6062 |    4538 |  42.8 |      33 |      10 |  23.3
     Lair:4 |    6787 |     827 |  10.9 |      36 |       1 |   2.7
     Lair:5 |    9632 |     274 |   2.8 |      31 |       1 |   3.1
     Lair:6 |   16725 |   14627 |  46.7 |      53 |      56 |  51.4
    Swamp:1 |   16132 |    1736 |   9.7 |      30 |       4 |  11.8
    Swamp:2 |   17637 |    4346 |  19.8 |      46 |       2 |   4.2
    Swamp:3 |    6308 |       0 |   0.0 |      21 |       0 |   0.0
    Swamp:4 |   16121 |   14667 |  47.6 |      41 |      43 |  51.2
   Spider:1 |    6665 |       0 |   0.0 |      22 |       0 |   0.0
   Spider:2 |    7905 |    1053 |  11.8 |      26 |       3 |  10.3
   Spider:3 |   21314 |    3040 |  12.5 |      49 |       1 |   2.0
   Spider:4 |   10889 |   26698 |  71.0 |      17 |      39 |  69.6
    Slime:1 |   12945 |       0 |   0.0 |      25 |       0 |   0.0
    Slime:2 |   25968 |       0 |   0.0 |      43 |       0 |   0.0
    Slime:3 |   19579 |       0 |   0.0 |      33 |       0 |   0.0
    Slime:4 |   21567 |     381 |   1.7 |      23 |       9 |  28.1
    Slime:5 |   17392 |   32862 |  65.4 |      21 |      14 |  40.0
      Orc:1 |    2817 |       0 |   0.0 |      31 |       0 |   0.0
      Orc:2 |    5218 |    9848 |  65.4 |      53 |      60 |  53.1
      Elf:1 |   14519 |    8938 |  38.1 |      24 |      15 |  38.5
      Elf:2 |    8830 |   21362 |  70.8 |      15 |      29 |  65.9
      Elf:3 |    6158 |   47333 |  88.5 |      13 |      32 |  71.1
   Vaults:1 |    8999 |   28047 |  75.7 |      14 |      42 |  75.0
   Vaults:2 |   25425 |   24568 |  49.1 |      47 |      23 |  32.9
   Vaults:3 |   45387 |   39653 |  46.6 |      76 |      50 |  39.7
   Vaults:4 |   41450 |   11351 |  21.5 |      58 |      11 |  15.9
   Vaults:5 |   55800 |  138663 |  71.3 |      65 |      88 |  57.5
    Crypt:1 |   35291 |       0 |   0.0 |      43 |       0 |   0.0
    Crypt:2 |   37495 |   20895 |  35.8 |      48 |      14 |  22.6
    Crypt:3 |       0 |   83767 | 100.0 |       0 |     120 | 100.0
     Tomb:1 |   13695 |   59902 |  81.4 |      34 |      39 |  53.4
     Tomb:2 |    1233 |   28412 |  95.8 |       8 |      22 |  73.3
   Depths:1 |   31332 |    3537 |  10.1 |      35 |       6 |  14.6
   Depths:2 |   46670 |   12246 |  20.8 |      52 |       9 |  14.8
   Depths:3 |   35965 |   86339 |  70.6 |      48 |      92 |  65.7
   Depths:4 |   33292 |   19040 |  36.4 |      36 |      23 |  39.0
   Depths:5 |   68495 |   20435 |  23.0 |      43 |      12 |  21.8
    Abyss:4 |    1699 |       0 |   0.0 |       2 |       0 |   0.0
        Lab |       0 |    1261 | 100.0 |       0 |       1 | 100.0
      IceCv |       0 |    9912 | 100.0 |       0 |      25 | 100.0
    Volcano |       0 |    6677 | 100.0 |       0 |      11 | 100.0
 Desolation |       0 |   47130 | 100.0 |       0 |      89 | 100.0
            +---------+---------+-------+---------+---------+-------
